 Dungeon Crawl Stone Soup version 0.32-a0-933-ga8fa3634e4 (webtiles) character file.

Game seed: 15586494551357819532

2 Sabo the Charlatan (level 1, 0/16 HPs)
             Began as a Mountain Dwarf Artificer on Apr 14, 2024.
             Slain by a kobold
             ... wielding a +0 whip
              (1 damage)
             ... on level 1 of the Dungeon.
             The game lasted 00:00:52 (129 turns).

Sabo the Charlatan (Mountain Dwarf Artificer)        Turns: 129, Time: 00:00:53

Health: 0/16       AC:  3    Str: 14    XL:     1   Next: 33%
Magic:  1/1        EV: 10    Int: 11    God:
Gold:   23         SH:  0    Dex: 10    Spells: 0/0 levels left

rFire   . . .        a - +0 club
rCold   . . .        (no shield)
rNeg    . . .        b - +0 leather armour
rPois   .            (no helmet)
rElec   .            (no cloak)
rCorr   .            (no gloves)
SInv    .            (no boots)
Will    .....        (no amulet)
Stlth   +            (no ring)
HPRegen 0.22/turn    (no ring)
MPRegen 0.07/turn

%: no passive effects
@: no status effects
A: runic magic, artefact enchanting
a: no special abilities


You were on level 1 of the Dungeon.
You visited 1 branch of the dungeon, and saw 1 of its levels.

You collected 23 gold pieces.

Inventory:

Hand Weapons
 a - a +0 club (weapon)
Armour
 b - a +0 leather armour (worn)
Wands
 c - a wand of flame (15) (quivered)
 d - a wand of charming (15)
 e - a wand of iceblast (5)
Scrolls
 f - a scroll of enchant weapon {unknown}
 g - a scroll of teleportation {unknown}


   Skills:
 + Level 1.1 Fighting
 + Level 2.2 Armour
 + Level 0.6 Dodging
 + Level 0.6 Stealth
 + Level 3.4 Evocations


You couldn't memorise any spells.
You didn't know any spells.
Your spell library was empty.

Dungeon Overview and Level Annotations

Branches:
Dungeon (1/15)

Altars:


Innate Abilities, Weirdness & Mutations

Your spellcasting is much less encumbered by armour.
You can use scrolls of enchantment on lesser artefacts.


Message History

The bat barely misses you.
The kobold throws a stone.
The stone closely misses you.
The stone barely misses the bat.
The bat attacks as it pursues you! The bat hits you but does no damage.
The bat closely misses you. The bat attacks as it pursues you!
The bat closely misses you. x2
The bat hits you but does no damage.
The kobold throws a stone.
The stone closely misses you.
You hit the bat.
You kill the bat!
The kobold throws a stone.
The stone hits you but does no damage.
You see here a bat corpse.
The kobold throws a stone.
The stone hits you but does no damage.
The kobold throws a stone.
The stone barely misses you.
The kobold throws a stone.
The stone misses you. The kobold hits you with a +0 whip.
You see here a bat corpse.
You hit the kobold.
The kobold is severely wounded.
The kobold barely misses you. The kobold hits you with a +0 whip.
You closely miss the kobold.
The kobold is severely wounded.
The kobold hits you with a +0 whip.
* * * LOW HITPOINT WARNING * * *
You barely miss the kobold.
The kobold is severely wounded.
The kobold hits you with a +0 whip.
* * * LOW HITPOINT WARNING * * *
You closely miss the kobold.
The kobold is moderately wounded.
The kobold hits you with a +0 whip.
* * * LOW HITPOINT WARNING * * *
The kobold barely misses you.
You hit the kobold but do no damage.
The kobold is moderately wounded.
The kobold hits you with a +0 whip.
* * * LOW HITPOINT WARNING * * *
You barely miss the kobold.
The kobold is moderately wounded.
The kobold hits you with a +0 whip.
You die...

........#.. ..#.................
#.......#.# ###.≈≈≈≈≈K≈≈≈≈≈.≈≈≈
####.#### ##..≈###≈.≈###≈.≈#
##.#### ..##...≈# #≈.≈# ≈.≈#
###...##.. ......≈###≈.≈###≈.≈###
#...#..#.. ###..≈≈≈≈≈.≈≈≈≈≈.≈≈≈≈
##........# ##........†........
#.........# ###K≈≈≈≈≈.≈≈≈≈≈.≈≈≈≈
##....#....###..@≈###≈.≈###≈.≈###
#...###....##.#.≈# #≈.≈# ≈.≈#
#.### ##..##.#.≈###≈.≈# ≈.≈# #..#
##.##...≈≈≈≈≈.≈≈≈ ≈.≈≈≈ ##.##
#..#................... #..##
##.<##..≈≈≈≈≈.≈≈≈≈≈.≈≈≈≈
##..####..####.≈###≈.≈ ##...##.##
#.≈# ≈.≈ ###.....# #.≈# .≈


You could see a kobold.

Vanquished Creatures
  A hobgoblin (D:1)
  A bat (D:1)
  A kobold (D:1)
3 creatures vanquished.

Notes
Turn   | Place    | Note
-------+----------+-------------------------------------------
     0 | D:1      | Sabo the Mountain Dwarf Artificer began the quest for the
                  | Orb.
     0 | D:1      | Reached XP level 1. HP: 16/16 MP: 1/1
   129 | D:1      | Slain by a kobold

Illustrated notes

Levels and vault maps discovered:
D:1:      dpeg_arrival_round_b, layout_basic, kennysheep_boxes

Action                     || total
---------------------------++-------
  Melee: Club              ||    16
 Armour: Leather armour    ||    21
  Dodge: Dodged            ||    21

Table legend: (Time is in decaauts)
 A = Elapsed time spent in this place.
 B = Non-inter-level travel time spent in this place.
 C = Inter-level travel time spent in this place.
 D = Time resting spent in this place.
 E = Time spent auto-exploring this place.
 F = Levels seen in this place.
 G = Mean time per level.
                   A        B        C        D        E       F      G
               +--------+--------+--------+--------+--------+-----+--------+
         Total |    133 |    133 |      0 |      0 |      0 |   1 |  133.0 |
       Dungeon |    133 |    133 |      0 |      0 |      0 |   1 |  133.0 |
               +--------+--------+--------+--------+--------+-----+--------+

Top non-repeatable levels by time:
     D:1: 133 daAuts
